 Dungeon Crawl Stone Soup version 0.28-a0-533-g9f97627e2a (webtiles) character file.

Game seed: 16089790757233991026

280 varam the Sneak (level 6, -4/28 HPs)
             Began as a Spriggan Enchanter on Sept 25, 2021.
             Was a Believer of Cheibriados.
             Slain by Blork the orc (11 damage)
             ... on level 4 of the Dungeon.
             The game lasted 00:10:00 (2614 turns).

varam the Sneak (Spriggan Enchanter)                Turns: 2614, Time: 00:10:01

Health: -4/28      AC:  2    Str:  9    XL:     6   Next: 5%
Magic:  9/11       EV: 18    Int: 23    God:    Cheibriados [**....]
Gold:   83         SH:  0    Dex: 21    Spells: 6/11 levels left

rFire   . . .      SeeInvis +   j - +0 dagger (venom)
rCold   . . .      Faith    .   (shield restricted)
rNeg    . . .      Spirit   .   b - +0 robe
rPois   .          Reflect  .   (helmet restricted)
rElec   .          Harm     .   (no cloak)
rCorr   .          Rampage  .   (gloves unavailable)
Will    +....                   (boots unavailable)
Stlth   ++++......              (no amulet)
HPRegen 0.09/turn               (no ring)
MPRegen 0.12/turn               (no ring)

@: slow
A: very small, no large weapons, unfitting armour, see invisible, speed 3
a: Renounce Religion, Bend Time


You were on level 4 of the Dungeon.
You worshipped Cheibriados.
Cheibriados was pleased with you.
You visited 1 branch of the dungeon, and saw 5 of its levels.

You collected 83 gold pieces.

Inventory:

Hand Weapons
 a - a +1 dagger
 h - a +0 short sword
   (You took it off Terence on level 2 of the Dungeon)
 j - a +0 dagger of venom (weapon)
   (You took it off a kobold on level 2 of the Dungeon)
 o - a +0 falchion
   (You found it on level 3 of the Dungeon)
Missiles
 c - 6 boomerangs (quivered)
 f - 54 stones
Armour
 b - a +0 robe (worn)
Scrolls
 d - a scroll of vulnerability {unknown}
 e - 2 scrolls of identify {unknown}
 g - 2 scrolls of magic mapping {unknown}
 i - a scroll of fog {unknown}
 k - a scroll of noise {unknown}
Potions
 l - a potion of curing {unknown}
 n - a potion of flight {unknown}


   Skills:
 + Level 4.3 Short Blades
 - Level 3.0 Dodging
 + Level 7.9 Stealth
 - Level 3.0 Spellcasting
 - Level 4.0 Hexes


You had 6 spell levels left.
You knew the following spells:

 Your Spells              Type           Power      Damage    Failure   Level
a - Ensorcelled Hibernat  Hex/Ice        24%        N/A       8%          2
b - Tukima's Dance        Hex            21%        N/A       7%          3

Your spell library contained the following spells:

 Spells                   Type           Power      Damage    Failure   Level
 Confusing Touch          Hex            21%        N/A       7%          3
 Dazzling Flash           Conj/Hex       24%        N/A       16%         3


Dungeon Overview and Level Annotations

Branches:
Dungeon (5/15)
 Temple: D:4-7

Altars:
Cheibriados

Annotations:
D:4 Blork the orc
D:5 Duvessa


Innate Abilities, Weirdness & Mutations

You are very small and have problems with some larger weapons.
You are too small for most types of armour.
You have supernaturally acute eyesight. (SInv)
You cover ground extremely quickly. (Speed+++)


Message History

You see here 27 bolts.
Found a stone staircase leading down.
There is a stone staircase leading down here.
There is a stone staircase leading down here.
You climb downwards.
Found a robe and 13 arrows.
Found a stone staircase leading down and a stone staircase leading up.
There is a stone staircase leading up here.
A water moccasin comes into view.
Found 24 stones.
An ogre comes into view. It is wielding a +0 giant club.
Duvessa, Sister of Dowan comes into view.
She is wielding a +0 short sword.
There is a stone staircase leading up here.
You climb upwards.
There is a stone staircase leading down here.
You now have 83 gold pieces (gained 8).
A bullfrog comes into view.
You see here a potion of invisibility.
Blork the orc comes into view.
He is wielding a +0 war axe and wearing a +2 robe of willpower.
Blork the orc casts a spell at you. The magic dart hits you.
The helpless bullfrog fails to defend itself.
You perforate the bullfrog like a sieve!!!
You kill the bullfrog!
Cheibriados appreciates the change of pace.
Blork the orc hits you with a +0 war axe!
Ouch! That really hurt!
* * * LOW HITPOINT WARNING * * *
You have reached level 6!
Your experience leads to an increase in your attributes!
Your base attributes are Str 4, Int 17, Dex 16.
Increase (s)trength, (i)ntelligence, or (d)exterity?
You feel clever.
Cast which spell? (? or * to list)
Aiming: Ensorcelled Hibernation (safe; 8% risk of failure)
Press: ? - help, Shift-Dir - straight line, f - Blork the orc
Aim: Blork the orc, wielding a +0 war axe and wearing a +2 robe of willpower (chance to affect: 14%) Blork the orc resists with almost no effort.
Blork the orc hits you with a +0 war axe!
You die...

... ... ... ##
#.# .# #.#
####.######.#
#..........†#
#)#...#####@#
##...#.....o.#
#....#.#####.#
#.##.#......!#
#.##.#..####.#
#.##.#...# #.#
#..#.....# #.#
##.##.#..# #.#
#.##..(.###.#


You could see Blork the orc.

Vanquished Creatures
  A necrophage (D:3)
  A bullfrog (D:4)
  Terence (D:2)
  An orc wizard (D:4)
  2 worms
  A dart slug (D:1)
  6 orcs
  5 ball pythons
  4 bats (D:1)
  3 endoplasms
  3 giant cockroaches
  6 goblins
  6 hobgoblins
  5 jackals (D:1)
  4 quokkas
  2 frilled lizards
  2 kobolds (D:2)
  5 rats
58 creatures vanquished.

Vanquished Creatures (others)
  A jackal (D:1)
1 creature vanquished.

Grand Total: 59 creatures vanquished

Notes
Turn   | Place    | Note
-------+----------+-------------------------------------------
     0 | D:1      | varam the Spriggan Enchanter began the quest for the Orb.
     0 | D:1      | Reached XP level 1. HP: 9/9 MP: 5/5
     9 | D:1      | Found a faded altar of an unknown god.
    34 | D:1      | Became a worshipper of Cheibriados the Contemplative
    34 | D:1      | Reached * piety under Cheibriados
   176 | D:1      | Reached XP level 2. HP: 13/13 MP: 6/6
   473 | D:1      | Learned a level 2 spell: Ensorcelled Hibernation
   659 | D:1      | Reached skill level 5 in Stealth
   809 | D:1      | Reached XP level 3. HP: 9/16 MP: 3/8
  1063 | D:2      | Learned a level 3 spell: Tukima's Dance
  1088 | D:2      | Reached ** piety under Cheibriados
  1303 | D:2      | Noticed Terence
  1312 | D:2      | Killed Terence
  1313 | D:2      | Reached XP level 4. HP: 21/21 MP: 2/9
  1556 | D:2      | Reached skill level 6 in Stealth
  2479 | D:3      | Noticed a necrophage
  2500 | D:3      | Killed a necrophage
  2501 | D:3      | Reached skill level 7 in Stealth
  2501 | D:3      | Reached XP level 5. HP: 24/24 MP: 10/10
  2555 | D:5      | Entered Level 5 of the Dungeon
  2558 | D:5      | Noticed a water moccasin
  2559 | D:5      | Noticed an ogre
  2561 | D:5      | Noticed Duvessa
  2610 | D:4      | Noticed Blork the orc
  2614 | D:4      | Reached XP level 6. HP: 7/28 MP: 11/11
  2614 | D:4      | Slain by Blork the orc

Illustrated notes

Levels and vault maps discovered:
D:1:      ebering_hopf_link, layout_loops_ring,
          hellmonk_ecumenical_altar_pennies_from_heaven
D:2:      layout_basic, grunt_decor_clamped, uniq_terence
D:3:      layout_loops_ring, vehumet_statue, chequers_mini_garden
D:4:      layout_basic, dancing_weapons_uskayaw, uniq_blork_the_orc
D:5:      cheibrodos_iron_armory, layout_rooms, kennysheep_mini_moat,
          minivault_1, minmay_misc_feat_four_crosses, uniq_duvessa

Skill      XL: |  1  2  3  4  5 |
---------------+----------------+-----
Dodging        | 3 |  3.0
Spellcasting   | 3 |  3.0
Stealth        | 5 7 |  7.9
Hexes          | 4 |  4.0
Short Blades   | 2 3 4 |  4.3

Action                   |  1- 3 |  4- 6 || total
-------------------------+-------+-------++-------
Melee: Dagger            |    91 |    56 ||   147
Throw: Boomerang         |       |     3 ||     3
 Cast: Ensorcelled Hiber |    12 |     9 ||    21
  Use: Potion            |     1 |     1 ||     2
 Stab: Sleeping          |    19 |     9 ||    28
       Invisible         |     3 |     2 ||     5
Armor: Robe              |     2 |     4 ||     6
Dodge: Dodged            |    75 |    40 ||   115

Table legend: (Time is in decaauts)
 A = Elapsed time spent in this place.
 B = Non-inter-level travel time spent in this place.
 C = Inter-level travel time spent in this place.
 D = Time resting spent in this place.
 E = Time spent auto-exploring this place.
 F = Levels seen in this place.
 G = Mean time per level.
                   A        B        C        D        E       F      G
               +--------+--------+--------+--------+--------+-----+--------+
         Total |   2698 |   2640 |     58 |    248 |   1742 |   5 |  539.6 |
       Dungeon |   2698 |   2640 |     58 |    248 |   1742 |   5 |  539.6 |
               +--------+--------+--------+--------+--------+-----+--------+

Top non-repeatable levels by time:
     D:2: 1282 daAuts
     D:1: 1041 daAuts
     D:3: 223 daAuts
     D:4: 134 daAuts
     D:5: 15 daAuts
